 Dungeon Crawl Stone Soup version 0.28.0-1-gb440e238dd (webtiles) character file.

Game seed: 7359266710254185821

78 Akaron the Chiller (level 4, 0/28 HPs)
             Began as an Octopode Ice Elementalist on Feb 19, 2022.
             Slain by a gnoll (6 damage)
             ... on level 2 of the Dungeon.
             The game lasted 00:02:40 (1624 turns).

Akaron the Chiller (Octopode Ice Elementalist)      Turns: 1624, Time: 00:02:41

Health: 0/28       AC:  7    Str:  7    XL:     4   Next: 36%
Magic:  1/7        EV: 13    Int: 17    God:
Gold:   69         SH:  0    Dex: 14    Spells: 0/7 levels left

rFire   . . .      SeeInvis +   j - +2 dagger (venom)
rCold   . . .      Faith    .   (no shield)
rNeg    . . .      Spirit   .   (helmet restricted)
rPois   .          Reflect  .   (no amulet)
rElec   .          Harm     .   a - ring of see invisible
rCorr   .          Rampage  .   (no ring)
Will    .....                   (no ring)
Stlth   ++++......              (no ring)
HPRegen 0.09/turn               (no ring)
MPRegen 0.10/turn               (no ring)
                                (no ring)
                                (no ring)

@: ice-armoured, freezing walls
A: almost no armour, amphibious, 8 rings, camouflage 1, gelatinous body 1,
(nimble swimmer 1), tentacles
a: no special abilities


You were on level 2 of the Dungeon.
You visited 1 branch of the dungeon, and saw 2 of its levels.

You collected 69 gold pieces.

Inventory:

Hand Weapons
 j - a +2 dagger of venom (weapon)
Jewellery
 a - a ring of see invisible (left tentacle)
 l - an amulet of faith
Scrolls
 b - 2 scrolls of identify {unknown}
 c - a scroll of blinking {unknown}
 g - 2 scrolls of enchant armour {unknown}
 k - a scroll of amnesia {unknown}
 m - a scroll of fear {unknown}
Potions
 d - a potion of resistance {unknown}
 e - a potion of heal wounds {unknown}
 f - a potion of lignification {unknown}
 h - a potion of berserk rage {unknown}
 i - a potion of flight {unknown}


   Skills:
 + Level 1.2 Fighting
 + Level 0.2 Short Blades
 + Level 2.0 Dodging
 + Level 4.4 Stealth
 + Level 2.4 Spellcasting
 + Level 4.5 Ice Magic


You couldn't memorise any spells.
You knew the following spells:

 Your Spells              Type           Power      Damage    Failure   Level
a - Freeze                Ice            68%        1d8       3%          1
b - Frozen Ramparts       Ice            34%        1d5       9%          3
c - Ozocubu's Armour      Ice            17%        N/A       9%          3

Your spell library contained the following spells:

 Spells                   Type           Power      Damage    Failure   Level
 Hailstorm                Conj/Ice       9%         3d4       58%         4


Dungeon Overview and Level Annotations

Branches:
Dungeon (2/15)

Altars:


Innate Abilities, Weirdness & Mutations

You cannot wear most types of armour.
You are amphibious.
You can wear up to eight rings at the same time.
Your skin changes colour to match your surroundings (Stealth+).
Your rubbery body absorbs attacks. (AC +1, EV +1)
((You are camouflaged when in or above water. (Stealth+)))
You have tentacles for arms and can constrict up to eight enemies at once.


Message History

You start memorising the spell.
You continue memorising. x3
You finish memorising.
Spell assigned to 'c'.
A gnoll comes into view. It is wielding a +0 spear.
The gnoll shouts! x2
The gnoll misses you.
The gnoll shouts!
The gnoll hits you from afar with a +0 spear!
Casting: Frozen Ramparts (quite dangerous; 9% risk of failure)
Confirm with . or Enter, or press ? or * to list all spells.
The spell is quite dangerous to miscast (9% risk of failure)!
Continue anyway?
Casting: Frozen Ramparts (quite dangerous; 9% risk of failure)
Press: ? - help, Dir - look around, f - activate The walls around you are covered in ice.
The wall freezes the gnoll.
The gnoll hits you from afar with a +0 spear.
The wall freezes the gnoll.
The gnoll hits you from afar with a +0 spear.
* * * LOW HITPOINT WARNING * * *
Casting: Frozen Ramparts (quite dangerous; 9% risk of failure)
Confirm with . or Enter, or press ? or * to list all spells.
The spell is quite dangerous to miscast (9% risk of failure)!
Continue anyway?
A film of ice covers your body!
The wall freezes the gnoll.
The gnoll hits you from afar with a +0 spear.
* * * LOW HITPOINT WARNING * * *
The wall freezes the gnoll.
The gnoll misses you.
Unknown command.
The wall freezes the gnoll.
You kill the gnoll!
The wall freezes the gnoll. x2
The gnoll hits you from afar with a +0 spear.
* * * LOW HITPOINT WARNING * * *
An endoplasm comes into view.
The wall freezes the gnoll.
The gnoll closely misses you.
The wall freezes the gnoll.
You kill the gnoll!
The wall freezes the gnoll.
The gnoll closely misses you.
The wall freezes the gnoll.
The gnoll completely misses you.
The wall freezes the gnoll.
The gnoll hits you from afar with a +0 spear.
You die...

#.## ##.... ..#########.....
................ #.
........#....... #..##
#....?..#.......
......###....J..#.......
#.##..g........#.......
#..#####g..............
#....@.g..............
##...###..............
########......w.....####.....
#...#.......#...#............
..........#).........<.......
...............#.##.#........
...........#÷....##...##.....
...)..÷.........###.#####(..#
.........÷.#.#..##..# #...#.#


You could see 2 gnolls and an endoplasm (wandering).

Vanquished Creatures
  2 adders (D:2)
  2 gnolls (D:2)
  2 worms (D:2)
  4 ball pythons
  2 bats (D:2)
  An endoplasm (D:1)
  A giant cockroach (D:2)
  3 hobgoblins
  3 quokkas
  6 frilled lizards
  3 goblins
  5 kobolds
  4 rats (D:2)
38 creatures vanquished.

Vanquished Creatures (others)
  A plant (D:2)
1 creature vanquished.

Grand Total: 39 creatures vanquished

Notes
Turn   | Place    | Note
-------+----------+-------------------------------------------
     0 | D:1      | Akaron the Octopode Ice Elementalist began the quest for
                  | the Orb.
     0 | D:1      | Reached XP level 1. HP: 11/11 MP: 3/3
   715 | D:1      | Reached XP level 2. HP: 16/17 MP: 3/5
  1027 | D:2      | Found a faded altar of an unknown god.
  1106 | D:2      | Reached XP level 3. HP: 22/22 MP: 4/6
  1110 | D:2      | Learned a level 3 spell: Frozen Ramparts
  1333 | D:2      | Reached skill level 1 in Fighting
  1611 | D:2      | Reached XP level 4. HP: 28/28 MP: 7/7
  1615 | D:2      | Learned a level 3 spell: Ozocubu's Armour
  1624 | D:2      | Slain by a gnoll

Illustrated notes

Levels and vault maps discovered:
D:1:      tarquinn_simple_flora_water_e, layout_loops_ring
D:2:      layout_rooms, dreamdust_ecumenical_altar_grove, minmay_box_of_dots

Skill      XL: |  1  2  3 |
---------------+----------+-----
Stealth        | 3 4 |  4.4
Fighting       | 1 |  1.2
Short Blades   | |  0.2
Dodging        | |  2.0
Spellcasting   | |  2.4
Ice Magic      | |  4.5

Action                   |  1- 3 |  4- 6 || total
-------------------------+-------+-------++-------
Melee: Unarmed           |     8 |       ||     8
       Tentacles         |     5 |       ||     5
       Constrict         |     9 |       ||     9
       Dagger            |    36 |       ||    36
       Punch             |     1 |       ||     1
 Cast: Freeze            |     9 |       ||     9
       Frozen Ramparts   |     1 |     1 ||     2
       Ozocubu's Armour  |       |     1 ||     1
 Stab: Sleeping          |    21 |       ||    21
Armor: Skin              |     3 |       ||     3
Dodge: Dodged            |    25 |     5 ||    30
